Map: Zen EC

Players

Denver - Winner!

  • Race: Zerg Zerg
  • League: Master
  • Spawn Location: 7:00

Harstem

  • Race: Protoss Protoss
  • League: Master
  • Spawn Location: 1:00

VOD

Have the link to the VOD?

Description

Time

  • Played on: Jan. 13, 2020, 2:35 p.m.
  • Length: 10:05
Show
View Real Time Build Order
Export as new Build Order

Denver Zerg - Winner!

Build Orders: Hatch First 

Get SALT Encoding   

  12  0:00  Drone  
  13  0:12  Overlord  
  13  0:17  Drone  
  14  0:30  Drone x2  
  16  0:41  Drone  
  17  0:53  Hatchery  
  17  0:55  Drone  
  17  0:59  Drone  
  18  1:09  Extractor  
  17  1:15  Spawning Pool  
  16  1:19  Drone  
  16  1:21  Drone  
  18  1:29  Drone  
  19  1:39  Drone  
  20  1:50  Drone  
  21  2:04  Zergling x2  
  21  2:05  Queen x2  
  21  2:06  Zergling x2  
  27  2:10  Metabolic Boost  
  27  2:12  Overlord  
  27  2:18  Drone  
  28  2:32  Hatchery  
  28  2:35  Drone  
  28  2:38  Drone  
  28  2:41  Drone  
  30  2:44  Zergling x2  
  30  2:46  Zergling x2  
  32  2:52  Overlord  
  32  3:01  Queen  
  32  3:02  Drone  
  32  3:05  Drone  
  36  3:10  Pneumatized Carapace  
  36  3:11  Drone  
  37  3:14  Drone  
  37  3:17  Drone  
  39  3:20  Drone  
  39  3:22  Drone  
  39  3:25  Drone  
  41  3:35  Drone  
  41  3:36  Drone  
  43  3:42  Overlord  
  43  3:43  Queen  
  43  3:45  Spore Crawler  
  44  3:49  Drone x2  
  44  3:50  Drone  
  44  3:55  Drone x3  
  50  3:59  Overlord  
  50  4:03  Overlord  
  50  4:06  Spore Crawler  
  49  4:12  Drone x3  
  49  4:13  Drone  
  49  4:15  Overlord  
  53  4:19  Spore Crawler  
  53  4:20  Drone  
  53  4:24  Overlord  
  53  4:26  Drone x2  
  53  4:30  Overlord  
  55  4:31  Drone  
  55  4:37  Drone x3  
  55  4:38  Drone  
  58  4:41  Overlord  
  57  4:45  Lair  
  57  4:48  Drone x2  
  59  4:57  Evolution Chamber, Roach Warren  
  59  4:59  Zergling x8  
  61  5:00  Zergling x2  
  61  5:04  Queen  
  61  5:05  Drone x2  
  65  5:15  Drone x7  
  65  5:19  Drone x2  
  73  5:25  Drone x4  
  73  5:26  Drone x4  
  81  5:28  Extractor  
  81  5:32  Drone x2  
  81  5:33  Drone  
  81  5:34  Extractor  
  82  5:39  Zerg Missile Weapons Level 1  
  82  5:40  Extractor  
  81  5:44  Extractor  
  81  5:48  Drone x3  
  83  5:52  Spire  
  83  5:54  Overlord  
  81  5:57  Zergling x14  
  86  6:04  Zergling x6  
  86  6:10  Hydralisk Den  
  88  6:11  Extractor, Drone x4  
  88  6:15  Roach x2  
  88  6:16  Roach x2  
  98  6:20  Drone x2  
  98  6:23  Hatchery  
  98  6:24  Overlord  
  97  6:28  Drone x2  
  97  6:30  Overlord  
  97  6:31  Overlord  
  99  6:38  Drone x5  
  103  6:49  Overlord  
  103  6:52  Overlord  
  103  6:57  Overlord  
  103  7:04  Mutalisk x7  
  103  7:08  Drone x3  
  120  7:10  Spore Crawler  
  120  7:11  Extractor x2  
  120  7:14  Mutalisk  
  119  7:16  Mutalisk  
  119  7:22  Zergling x8  
  125  7:24  Zerg Flyer Weapons Level 1  
  125  7:29  Drone  
  127  7:30  Drone x4  
  127  7:36  Baneling Nest  
  129  7:41  Zerg Melee Weapons Level 1  
  129  7:43  Zergling x2  
  129  7:44  Zergling x16  
  138  7:49  Mutalisk x3  
  143  7:56  Mutalisk  
  140  7:58  Overlord  
  140  7:59  Overlord  
  140  8:01  Zergling x6  
  140  8:02  Zergling x2  
  140  8:04  Overlord  
  136  8:15  Mutalisk x4  
  142  8:25  Mutalisk x2  
  140  8:27  Zergling x12  
  140  8:36  Queen  
  140  8:40  Mutalisk x3  
  145  8:44  Hatchery  
  145  8:47  Zergling x10  
  150  8:55  Zergling x6  
  150  8:58  Baneling x5  
  152  9:02  Mutalisk  
  152  9:03  Mutalisk  
  152  9:04  Overlord  
  152  9:06  Overlord  
  152  9:09  Overlord  
  156  9:13  Mutalisk x3  
  162  9:19  Zergling x16  
  169  9:25  Zergling x2  
  169  9:26  Zergling x2  
  162  9:32  Zergling x4  
  158  9:39  Mutalisk x5  
  158  9:42  Zergling x12  
Show
View Real Time Build Order
Export as new Build Order

Harstem Protoss 

Build Orders: 1 Gate Expand, Oracle Opening, Zealot Archon 

Get SALT Encoding   

  12  0:00  Probe  
  13  0:14  Pylon  
  13  0:18  Probe (Chrono Boost)  
  14  0:27  Probe (Chrono Boost)  
  15  0:32  Probe (Chrono Boost)  
  16  0:42  Gateway  
  16  0:44  Probe  
  16  0:49  Assimilator  
  17  0:56  Probe  
  18  1:08  Probe  
  19  1:20  Probe  
  20  1:27  Nexus  
  20  1:36  Cybernetics Core  
  20  1:40  Probe  
  20  1:45  Assimilator  
  21  1:52  Probe  
  22  1:55  Pylon  
  22  2:04  Probe  
  23  2:10  Adept (Chrono Boost)  
  25  2:16  Probe  
  25  2:22  Stargate  
  26  2:28  Probe  
  27  2:30  Stalker (Chrono Boost)  
  29  2:38  Warp Gate  
  29  2:39  Probe (Chrono Boost)  
  29  2:43  Probe (Chrono Boost)  
  31  2:49  Pylon  
  31  2:51  Probe (Chrono Boost)  
  32  2:57  Probe (Chrono Boost)  
  34  2:58  Probe (Chrono Boost)  
  34  3:05  Probe x2, Oracle (Chrono Boost)  
  39  3:17  Probe x2  
  39  3:18  Gateway  
  41  3:27  Robotics Facility  
  41  3:32  Adept  
  41  3:34  Probe x2 (Chrono Boost)  
  43  3:48  Probe (Chrono Boost), Assimilator  
  45  3:51  Probe (Chrono Boost)  
  45  3:52  Pylon  
  45  3:53  Assimilator  
  45  3:55  Probe (Chrono Boost)  
  46  3:57  Oracle  
  46  3:58  Probe (Chrono Boost)  
  46  4:02  Probe  
  50  4:06  Pylon  
  52  4:10  Probe  
  52  4:14  Probe  
  52  4:15  Observer (Chrono Boost)  
  54  4:22  Probe  
  55  4:26  Probe, Adept  
  58  4:34  Probe  
  58  4:38  Probe  
  58  4:41  Immortal  
  58  4:44  Nexus  
  63  4:46  Probe  
  63  4:49  Pylon  
  63  4:51  Probe  
  65  4:57  Forge  
  65  4:58  Twilight Council  
  65  5:02  Probe  
  66  5:07  Sentry x2  
  70  5:16  Probe  
  70  5:19  Protoss Ground Weapons Level 1  
  70  5:20  Probe  
  70  5:21  Pylon  
  72  5:23  Pylon  
  72  5:25  Immortal  
  72  5:28  Probe  
  77  5:32  Probe (Chrono Boost)  
  78  5:39  Charge (Chrono Boost), Zealot x2  
  83  5:44  Probe (Chrono Boost)  
  83  5:46  Probe (Chrono Boost), Templar Archives  
  84  5:51  Probe (Chrono Boost)  
  84  5:52  Gateway  
  84  5:54  Probe (Chrono Boost)  
  84  5:56  Probe  
  84  5:57  Gateway  
  87  6:00  Probe  
  88  6:06  Probe  
  88  6:08  Probe  
  90  6:12  Probe, Pylon  
  90  6:18  Probe  
  92  6:20  Probe  
  92  6:21  Assimilator  
  92  6:22  Pylon  
  92  6:24  Probe, Immortal (Chrono Boost)  
  98  6:25  Assimilator  
  98  6:29  Gateway  
  98  6:32  Gateway  
  98  6:33  High Templar x2  
  98  6:35  Pylon  
  98  6:37  Archon  
  102  6:42  Probe  
  102  6:44  Probe  
  102  6:46  Probe  
  105  6:52  Gateway  
  105  6:55  Gateway  
  105  6:59  Warp Prism (Chrono Boost)  
  107  7:02  Probe  
  107  7:04  Photon Cannon  
  107  7:05  High Templar x2  
  107  7:06  Psionic Storm  
  112  7:09  Zealot x2  
  112  7:10  Phoenix (Chrono Boost)  
  112  7:13  Photon Cannon  
  118  7:25  High Templar  
  118  7:26  Probe  
  118  7:29  Pylon  
  121  7:32  High Templar  
  121  7:36  Zealot x2  
  127  7:43  Nexus, Zealot x2  
  128  7:44  Pylon  
  128  7:46  Probe  
  128  7:47  Zealot  
  129  7:51  Probe  
  129  7:57  Zealot x4  
  137  8:02  Phoenix (Chrono Boost)  
  134  8:05  Probe (Chrono Boost)  
  134  8:06  Stalker x3  
  134  8:09  Probe (Chrono Boost)  
  133  8:14  Probe (Chrono Boost)  
  133  8:16  Stalker  
  133  8:17  Probe (Chrono Boost)  
  134  8:21  Probe (Chrono Boost), Phoenix (Chrono Boost)  
  134  8:25  Archon  
  131  8:28  Probe (Chrono Boost)  
  131  8:33  Probe (Chrono Boost)  
  130  8:36  Shield Battery x2  
  130  8:37  Phoenix  
  121  8:45  High Templar  
  121  8:46  High Templar  
  125  8:53  High Templar x2  
  125  8:54  Zealot x3  
  135  9:01  Probe  
  135  9:02  Phoenix (Chrono Boost)  
  136  9:05  Probe  
  136  9:06  Probe  
  136  9:09  Archon  
  138  9:12  Archon  
  136  9:20  Zealot x2  
  136  9:21  Zealot x2  
  136  9:22  Zealot  
  136  9:23  Zealot  
  148  9:24  Phoenix (Chrono Boost)  
  141  9:39  Probe x2  
  141  9:40  Probe  
  141  9:42  Pylon  
  141  9:44  Pylon  
  141  9:46  Pylon, Fleet Beacon  
  141  9:49  Stargate  
  141  9:50  Photon Cannon  
  137  10:00  Stalker x2  
Tags
 
Add a new tag
Caveats
  • Supply blocks, unpowered buildings, or Contaminate may cause inaccurate times.
  • Supply counts are checked every 10 seconds.